 Dungeon Crawl Stone Soup version 0.28.0-43-g3370ac3207 (webtiles) character file.

Game seed: 1935035204209428743

20016 Peloso the Protected (level 12, -10/108 HPs)
             Began as a Minotaur Fighter on Mar 27, 2022.
             Was a High Priest of Okawaru.
             Mangled by an orc knight
             ... wielding a +0 battleaxe
              (38 damage)
             ... on level 15 of the Dungeon.
             The game lasted 00:52:51 (17731 turns).

Peloso the Protected (Minotaur Fighter)            Turns: 17731, Time: 00:52:51

Health: -10/108    AC: 29    Str: 25    XL:     12   Next: 41%
Magic:  11/13      EV:  8    Int:  9    God:    Okawaru [*****.]
Gold:   1292       SH:  7    Dex: 11    Spells: 11/11 levels left

rFire   + . .      SeeInvis .   a - +3 long sword (vorpal)
rCold   + . .      Faith    +   c - +0 buckler
rNeg    . . .      Spirit   .   J - +0 crystal plate armour
rPois   .          Reflect  .   (helmet restricted)
rElec   +          Harm     .   (no cloak)
rCorr   .          Rampage  .   S - +1 pair of gloves
Will    .....                   (no boots)
Stlth   ..........              L - amulet "Cestra" {Faith rElec rF+}
HPRegen 0.28/turn               I - ring of Hard Scrabble {rC+ Int+4}
MPRegen 0.13/turn               (no ring)

@: about to teleport, heroic, studying Short Blades
A: horns 2, retaliatory headbutt
a: Renounce Religion, Heroism, Finesse, Duel


You were on level 15 of the Dungeon.
You worshipped Okawaru.
Okawaru was extremely pleased with you.
You visited 3 branches of the dungeon, and saw 16 of its levels.
You also visited: Sewer and Bailey.

You collected 1292 gold pieces.

Inventory:

Hand Weapons
 a - a +3 vorpal long sword (weapon)
 b - a +2 long sword of flaming
 f - the +8 short sword of Gallantry {elec, rC+}
   (Okawaru gifted it to you on level 11 of the Dungeon)

   It occasionally discharges a powerful burst of electricity upon striking a
   foe.
   rC:        It protects you from cold.
Missiles
 k - 17 throwing nets (quivered)
Armour
 c - a +0 buckler (worn)
 J - a +0 crystal plate armour (worn)
 Q - +1 shadow dragon scales
 S - a +1 pair of gloves (worn)
Jewellery
 m - a ring of see invisible
 I - the ring of Hard Scrabble (left hand) {rC+ Int+4}
   (You took it off a gnoll in a bailey)

   [ring of protection from cold]

   Int:       It affects your intelligence (+4).
   rC:        It protects you from cold.
 L - the amulet "Cestra" (around neck) {Faith rElec rF+}
   (You found it on level 8 of the Dungeon)

   [amulet of faith]

   It allows you to gain divine favour quickly.
   rF:        It protects you from fire.
   rElec:     It insulates you from electricity.
 R - an amulet of reflection
Wands
 t - a wand of flame (17)
 x - a wand of paralysis (9)
 E - a wand of iceblast (4)
Scrolls
 e - 2 scrolls of fear
 j - 2 scrolls of teleportation
 n - 2 scrolls of enchant weapon
 o - a scroll of amnesia {unknown}
 p - 3 scrolls of immolation
 q - a scroll of magic mapping {unknown}
 s - a scroll of noise
 y - a scroll of identify
 A - a scroll of enchant armour
 B - 2 scrolls of brand weapon {unknown}
 F - 2 scrolls of blinking {unknown}
 H - a scroll of holy word {unknown}
 N - a scroll of summoning {unknown}
Potions
 d - 2 potions of might
 g - 4 potions of flight
 h - a potion of heal wounds
 i - 4 potions of curing
 l - 6 potions of mutation
 r - a potion of magic {unknown}
 u - a potion of berserk rage {unknown}
 v - 3 potions of lignification {unknown}
 w - a potion of haste {unknown}
 z - 3 potions of cancellation {unknown}
 C - a potion of ambrosia {unknown}
 D - a potion of resistance {unknown}
 G - a potion of invisibility {unknown}
 M - a potion of attraction {unknown}
 T - a potion of brilliance {unknown}


   Skills:
 + Level 10.8(15.8) Fighting
 + Level 14.3(19.3) Long Blades
 + Level 14.5(19.5) Armour
 + Level 1.8(6.8) Dodging
 + Level 2.0(7.0) Stealth
 + Level 9.8(14.8) Shields
 + Level 2.9 Invocations
 + Level 1.0 Evocations


You had 11 spell levels left.
You didn't know any spells.
Your spell library contained the following spells:

 Spells                   Type           Power      Damage    Failure   Level
 Apportation              Tloc           0%         N/A       100%        1
 Magic Dart               Conj           0%         1d3       100%        1
 Corpse Rot               Necr/Air       0%         N/A       100%        2
 Poisonous Vapours        Pois/Air       0%         N/A       100%        2
 Searing Ray              Conj           0%         2d4       100%        2
 Frozen Ramparts          Ice            0%         1d2       100%        3
 Gell's Gravitas          Tloc           0%         N/A       100%        3
 Ignite Poison            Fire/Tmut/Pois 0%         N/A       100%        3
 Lesser Beckoning         Tloc           0%         N/A       100%        3
 Mephitic Cloud           Conj/Pois/Air  0%         N/A       100%        3
 Teleport Other           Tloc           0%         N/A       100%        3
 Fulminant Prism          Conj/Hex       0%         3d6       100%        4
 Ice Form                 Ice/Tmut       0%         N/A       100%        4
 Passage of Golubria      Tloc           0%         N/A       100%        4
 Alistair's Intoxication  Tmut/Pois      0%         N/A       100%        5
 Freezing Cloud           Conj/Ice/Air   0%         6-21      100%        5
 Silence                  Hex/Air        0%         N/A       100%        5
 Lehudib's Crystal Spear  Conj/Erth      0%         10d2      100%        8
 Summon Ice Beast         Ice/Summ       Unusable   N/A       N/A         4

Dungeon Overview and Level Annotations

Branches:
Dungeon (13/15)            Temple (1/1) D:4            Lair (1/6) D:9
  Sewer (visited)          Bailey (visited)
    Orc: D:9-12      Vaults: D:13-14

Altars:
Dithmenos
Elyvilon
Fedhas
Gozag
Kikubaaqudgha
Makhleb
Nemelex Xobeh
Okawaru
Qazlal
Ru
Sif Muna
Trog
Uskayaw
Wu Jian
Yredelemnul
The Shining One
Beogh

Shops:
D:1 [   D:4 :=

Annotations:
D:13 Urug
D:15 2 transporters


Innate Abilities, Weirdness & Mutations

You have a pair of horns on your head.
You reflexively headbutt those who attack you in melee.


Message History

The centaur warrior hits you!
The centaur warrior kicks you but does no damage.
The orc knight hits you but does no damage.
The orc knight shoots a bolt.
You block the bolt.
You hit the centaur warrior but do no damage.
You headbutt the centaur warrior, but do no damage.
The centaur warrior is almost dead.
The centaur warrior hits you!
The centaur warrior kicks you but does no damage.
The centaur warrior hits you but does no damage.
The centaur warrior kicks you but does no damage.
The orc knight closely misses you.
The orc knight roars a battlecry!
The orc knight goes into a battle-frenzy!
Unknown command.
As you read the scroll of teleportation, it crumbles to dust.
You feel strangely unstable. The centaur warrior barely misses you.
The centaur warrior kicks you but does no damage.
The centaur warrior hits you but does no damage.
The centaur warrior closely misses you. You block the orc knight's attack.
The centaur warrior hits you but does no damage.
The centaur warrior barely misses you.
The centaur warrior hits you but does no damage.
You block the centaur warrior's attack.
The orc knight shoots a bolt.
The bolt hits you!
* * * LOW HITPOINT WARNING * * *
You slash the centaur warrior!
You kill the centaur warrior!
Okawaru is honoured by your kill. The centaur warrior barely misses you.
The centaur warrior kicks you but does no damage.
The orc knight hits you with a +0 battleaxe.
* * * LOW HITPOINT WARNING * * *
Your base Stealth skill increases to level 2!
You feel much better. The centaur warrior hits you.
* * * LOW HITPOINT WARNING * * *
The centaur warrior completely misses you.
The orc knight shoots a bolt.
The bolt hits you but does no damage.
The orc knight hits you with a +0 battleaxe!!!
You die...

##...........##
##+#.......C.....#
.#.....#....##.......
.'.............G.....
#####...o..#....##......
#......T................
##.....#.....#....##..#..
###.....#................#.
#...........)@..#......
##.≈≈≈........oc.........
##..≈≈≈.#........#'#'#....
#...≈≈.#........##...##..
##.....#.....#+###.....#
#.....#.....## .....#
............+ .=! #
...#.....#+## ##∩##
..#....(##..# #####


You could see 2 orc knights, a centaur warrior, a cyclops and a deep troll
shaman.

Vanquished Creatures
  A great orb of eyes (D:15)
  A hydra (D:12)
  2 boulder beetles
  2 vault guards (D:15)
  A catoblepas (D:15)
  2 centaur warriors (D:15)
  A skeletal warrior (D:8)
  A cyclops (D:11)
  An ugly thing (D:11)
  A gargoyle (D:10)
  Maggie (D:6)
  A yaktaur (D:15)
  A cane toad (Lair:1)
  A queen bee (shapeshifter) (D:15)
  3 trolls
  Grinder (D:6)
  A meliai zombie (D:11)
  Sigmund (D:5)
  5 wraiths
  A centaur simulacrum (D:10)
  A wyvern (D:10)
  9 yaks (D:10)
  2 shadows
  Grum (Bailey)
  7 vampire mosquitoes
  A warg (D:12)
  An acid dragon (D:8)
  4 water moccasins (Lair:1)
  A floating eye (D:15)
  6 orc warriors
  3 black bears
  A sky beast (D:6)
  An ice beast (D:5)
  2 ogres
  4 necrophages
  12 wolves
  A centaur (D:7)
  A phantom (D:6)
  Blork the orc (D:5)
  A kobold brigand (D:9)
  2 bullfrogs
  6 gnoll sergeants
  3 scorpions
  A water moccasin zombie (D:6)
  A water moccasin skeleton (D:5)
  3 killer bees (D:9)
  6 howler monkeys
  4 wights (D:7)
  2 electric eels (D:9)
  10 hounds
  A bullfrog skeleton (D:5)
  4 centaur zombies
  4 orc priests
  A centaur skeleton (D:5)
  7 gnoll shamans
  4 iguanas
  11 orc wizards
  A hound skeleton (D:4)
  A howler monkey zombie (D:8)
  10 adders
  36 gnolls
  A howler monkey skeleton (D:4)
  3 river rats
  An adder skeleton (D:4)
  5 worms
  2 dart slugs
  40 orcs
  10 ball pythons
  5 endoplasms
  4 giant cockroaches
  8 goblins
  4 hobgoblins
  4 jackals (D:1)
  4 quokkas
  8 bats
  11 frilled lizards
  14 kobolds
  11 rats
342 creatures vanquished.

Vanquished Creatures (others)
  3 plants
3 creatures vanquished.

Grand Total: 345 creatures vanquished

Notes
Turn   | Place    | Note
-------+----------+-------------------------------------------
     0 | D:1      | Peloso the Minotaur Fighter began the quest for the Orb.
     0 | D:1      | Reached XP level 1. HP: 19/19 MP: 0/0
   240 | D:1      | Reached XP level 2. HP: 25/27 MP: 1/1
   472 | D:1      | Reached XP level 3. HP: 33/33 MP: 2/2
   599 | D:1      | Found Daaq's Antique Armour Shoppe.
   930 | D:2      | Found a white marble altar of Elyvilon.
  1166 | D:2      | Found a faded altar of an unknown god.
  1247 | D:2      | Reached XP level 4. HP: 40/40 MP: 3/3
  1751 | D:3      | Reached XP level 5. HP: 35/47 MP: 4/4
  2194 | D:3      | Noticed an ogre
  2205 | D:3      | Killed an ogre
  2206 | D:3      | Reached skill level 5 in Armour
  2780 | D:4      | Reached XP level 6. HP: 53/53 MP: 5/5
  2804 | D:4      | Found Ojeohaoz's Book Shoppe.
  3028 | D:4      | Reached skill level 5 in Long Blades
  3409 | D:4      | Reached skill level 5 in Shields
  3679 | D:4      | Found a staircase to the Ecumenical Temple.
  3689 | D:4      | Found Ozasumes's Jewellery Shop.
  3698 | Temple   | Entered the Ecumenical Temple
  3812 | Temple   | Became a worshipper of Warmaster Okawaru
  4517 | D:5      | Entered Level 5 of the Dungeon
  4550 | D:5      | Reached XP level 7. HP: 55/60 MP: 6/6
  4791 | D:5      | Reached skill level 5 in Fighting
  5032 | D:5      | Noticed Blork the orc
  5047 | D:5      | Killed Blork the orc
  5293 | D:5      | Noticed Sigmund
  5311 | D:5      | Killed Sigmund
  5312 | D:5      | Reached skill level 1 in Dodging
  5312 | D:5      | Reached XP level 8. HP: 57/69 MP: 7/7
  5631 | D:5      | Reached * piety under Okawaru
  5672 | D:6      | Noticed Maggie
  5697 | D:6      | Killed Maggie
  5744 | D:6      | Noticed Grinder
  5746 | D:6      | Paralysed by Grinder for 3 turns
  5754 | D:6      | Killed Grinder
  5755 | D:6      | Reached skill level 1 in Stealth
  5755 | D:6      | Reached XP level 9. HP: 53/78 MP: 8/8
  5841 | D:6      | Found a glowing drain.
  5859 | Sewer    | Entered a sewer
  6520 | D:6      | Reached ** piety under Okawaru
  6607 | D:6      | Found a glowing golden altar of the Shining One.
  7015 | D:7      | Reached skill level 10 in Long Blades
  7052 | D:7      | Found a flagged portal.
  7132 | Bailey   | Entered a bailey
  7631 | Bailey   | Noticed Grum
  7643 | Bailey   | Killed Grum
  7793 | Bailey   | Identified the ring of Hard Scrabble {rC+ Int+4}
  7816 | Bailey   | Reached skill level 1 in Invocations
  7823 | Bailey   | Reached XP level 10. HP: 59/88 MP: 6/10
  7867 | Bailey   | Reached *** piety under Okawaru
  9260 | D:8      | Reached skill level 10 in Armour
  9415 | D:8      | Noticed a skeletal warrior
  9462 | D:8      | Killed a skeletal warrior
  9758 | D:8      | Found the +5 scythe "Finisher" {speed, eviscerate}
  9811 | D:8      | Reached **** piety under Okawaru
 10090 | D:8      | Identified the amulet "Cestra" {Faith rElec rF+}
 10634 | D:9      | Found a staircase to the Lair.
 10827 | D:9      | Identified the +10 halberd of the Crawling Thing {vorpal,
                  | *Corrode rElec Dex+6 Stlth+}
 11673 | D:10     | Entered Level 10 of the Dungeon
 11717 | D:10     | Noticed a gargoyle
 11728 | D:10     | Killed a gargoyle
 12109 | D:10     | Reached XP level 11. HP: 86/95 MP: 11/11
 12119 | D:10     | Reached ***** piety under Okawaru
 12895 | D:11     | Identified the +8 short sword of Gallantry {elec, rC+}
                  | (Okawaru gifted it to you on level 11 of the Dungeon)
 12895 | D:11     | Received a gift from Okawaru
 13422 | D:11     | Noticed a boulder beetle
 13454 | D:11     | Killed a boulder beetle
 14153 | Lair:1   | Entered Level 1 of the Lair of Beasts
 14229 | Lair:1   | Received a gift from Okawaru
 14230 | Lair:1   | Reached skill level 10 in Fighting
 14657 | Lair:1   | Noticed a four-headed hydra
 14762 | D:12     | Noticed a six-headed hydra
 15129 | D:12     | Noticed a red ugly thing
 15141 | D:11     | Killed a red ugly thing
 15211 | D:12     | Killed a seven-headed hydra
 15734 | D:13     | Noticed Urug
 15738 | D:13     | Noticed a catoblepas
 15738 | D:13     | Noticed a boulder beetle
 16115 | D:12     | Received a gift from Okawaru
 16220 | D:12     | Reached XP level 12. HP: 98/106 MP: 12/12
 16259 | D:12     | You fall into a shaft and drop 3 floors!
 16259 | D:15     | Entered Level 15 of the Dungeon
 16259 | D:15     | Noticed a vault guard
 16265 | D:15     | Paralysed by a floating eye for 3 turns
 16274 | D:15     | Found a transporter.
 16475 | D:15     | Found a glowing golden altar of the Shining One.
 16477 | D:15     | Noticed an ogre mage
 16485 | D:15     | Found a transporter.
 16488 | D:15     | Noticed a centaur warrior
 16489 | D:15     | Noticed a centaur warrior
 16506 | D:15     | Noticed a centaur warrior
 16506 | D:15     | Noticed a sphinx
 16512 | D:15     | Noticed a boulder beetle
 16928 | D:15     | Noticed a vault guard
 16928 | D:15     | Noticed a great orb of eyes
 16947 | D:15     | Killed a vault guard
 16950 | D:15     | Paralysed by a great orb of eyes for 6 turns
 16964 | D:15     | Killed a great orb of eyes
 17067 | D:15     | Killed a boulder beetle
 17272 | D:15     | Killed a vault guard
 17368 | D:15     | Noticed a catoblepas
 17368 | D:15     | Noticed a centaur warrior
 17377 | D:15     | Killed a centaur warrior
 17377 | D:15     | Received a gift from Okawaru
 17393 | D:15     | Paralysed by a floating eye for 4 turns
 17400 | D:15     | Paralysed by a floating eye for 2 turns
 17402 | D:15     | Paralysed by a floating eye for 3 turns
 17405 | D:15     | Paralysed by a floating eye for 2 turns
 17408 | D:15     | Killed a catoblepas
 17410 | D:15     | Paralysed by a floating eye for 4 turns
 17411 | D:15     | Reached skill level 1 in Evocations
 17420 | D:15     | Paralysed by a floating eye for 2 turns
 17727 | D:15     | Noticed a deep troll shaman
 17730 | D:15     | Killed a centaur warrior
 17731 | D:15     | Mangled by an orc knight

Illustrated notes

Levels and vault maps discovered:
D:1:      dpeg_arrival_short_road, layout_basic, serial_shops, shop
D:2:      layout_loops_ring, basic_altar, basic_ecumenical_altar
D:3:      layout_basic
D:4:      layout_loops_ring, minmay_temple_entry_gardened_gates, serial_shops,
          nicolae_diamond_shop, shop, serial_co_window_serial,
          co_window_paths_b, co_window_of_opportunity_a, co_window_paths_b,
          co_window_of_opportunity_a, co_window_paths_a, co_window_paths_a,
          co_window_unsneaky_path_d, co_window_corner_ca, co_window_paths_c,
          co_window_corner_cb, minmay_unequal
D:5:      layout_loops_cross, uniq_sigmund, uniq_blork_the_orc
D:6:      layout_cave_pools, tso_metal_star, lightli_sewer_entry_pipes,
          uniq_grinder, uniq_maggie
D:7:      layout_basic, enter_bailey_3
D:8:      layout_loops_ring, special_room [special_room_orc],
          minmay_guarded_unrand_finisher
D:9:      layout_irregular_city, erik_lair_island
D:10:     layout_basic, minmay_unpleasant_kobolds
D:11:     layout_gridville, serial_rivers, chequers_serial_rivers_micro_e,
          chequers_serial_rivers_micro_a, chequers_serial_rivers_large_a,
          chequers_serial_rivers_small_3
D:12:     layout_gridville, david_orc_3, uniq_azrael
D:13:     layout_big_octagon, david_vaults_4, drop_trap, zin_angel, uniq_urug,
          uniq_snorg, uniq_frances, uniq_josephine
D:15:     hangedman_spin_cycle, serial_shops
Temple:   mainiacjoe_temple_hex_bubbles
Lair:1:   layout_cellular_growth

Skill      XL: |  1  2  3  4  5  6  7  8  9 10 11 12 |
---------------+-------------------------------------+-----
Fighting       | 4 5 6 7 8 10 | 10.8
Armour         | 4 5 7 8 9 11 13 14 | 14.5
Shields        | 4 5 6 7 8 9 |  9.8
Long Blades    | 3 4 6 7 9 10 12 14 | 14.3
Dodging        | 1 |  1.8
Stealth        | 1 2 |  2.0
Invocations    | 1 2 |  2.9
Evocations     | 1 |  1.0

Action                   |  1- 3 |  4- 6 |  7- 9 | 10-12 || total
-------------------------+-------+-------+-------+-------++-------
Melee: Long sword        |    85 |   156 |   324 |   629 ||  1194
       Headbutt          |    12 |    25 |    52 |   141 ||   230
Throw: Throwing net      |       |       |     1 |       ||     1
Invok: Heroism           |       |       |    12 |    13 ||    25
Evoke: Wand              |       |       |     6 |     7 ||    13
  Use: Scroll            |       |     2 |     4 |    12 ||    18
       Potion            |       |       |     1 |     3 ||     4
 Stab: Paralysed         |       |       |     4 |       ||     4
       Petrified         |       |       |       |     4 ||     4
Armor: Scale mail        |    11 |       |       |       ||    11
       Plate armour      |    59 |   121 |   204 |     6 ||   390
       Crystal plate arm |       |       |       |   519 ||   519
Dodge: Dodged            |    26 |    59 |   138 |   162 ||   385
Block: Buckler           |    18 |    40 |   111 |   176 ||   345
